 Dungeon Crawl Stone Soup version 0.30.0-19-g36f170ea60 (webtiles) character file.

Game seed: 6543481377305286819

310824 xSliceyx the Eclecticist (level 22, -34/166 HPs)
             Began as a Djinni Ice Elementalist on May 23, 2023.
             Was the Champion of Makhleb.
             Killed from afar by a frost giant (62 damage)
             ... with a bolt of cold
             ... on level 1 of the Vaults on May 29, 2023.
             The game lasted 04:03:28 (38926 turns).

xSliceyx the Eclecticist (Djinni Ice Elementalist) Turns: 38926, Time: 04:03:29

Health: -34/166    AC: 21    Str:  3    XL:     22   Next: 20%
Gold:   625        EV: 11    Int: 39    God:    Makhleb [******] SH:  0 Dex: 11

rFire   + + +        a - +7 staff of the Meek {protect, meekguard}
rCold   . . .        (shield currently unavailable)
rNeg    + . .        f - +5 ring mail of the Toothy Dropbear {Contam +Inv rF+ rCorr}
rPois   ∞            g - +0 hat of the Griffon {rF+ Will+++ Regen+ Str-4}
rElec   +            M - +2 cloak {Stlth+}
rCorr   +            t - +3 pair of gauntlets of War {Slay+5}
SInv    .            (boots unavailable)
Will    +++++        d - amulet of regeneration
Stlth   ++           S - ring of Bofowk {rC+ rCorr Int+7 Dex-3}
HPRegen 2.07/turn    K - ring of Doubts {rElec rN+ MP+9 Int+4}
MPRegen 0.00/turn

%: infuse magic (-35 HP)
@: marked, radiating poison, flying
A: sickness immunity, fire resistance 2, cold vulnerability 1, float, innate
caster, HP casting, extra vitality 1
}: 2/15 runes: serpentine, barnacled
a: Renounce Religion, Evoke Invisibility, Minor Destruction, Lesser Servant of
Makhleb, Major Destruction, Greater Servant of Makhleb


You were on level 1 of the Vaults.
You worshipped Makhleb.
Makhleb was exalted by your worship.
You visited 8 branches of the dungeon, and saw 35 of its levels.
You visited 2 bazaars.
You also visited: Sewer and Ice Cave.

You collected 5234 gold pieces.
You spent 4609 gold pieces at shops.

Inventory:

Hand Weapons
 a - the +7 staff of the Meek (weapon) {protect, meekguard}
   (You found it on level 12 of the Dungeon)
 b - the +27 heavy crossbow "Sniper" {heavy, Acc+∞ SInv}
   (You found it on level 3 of the Elven Halls)

   Acc+∞: It never misses its target.
   SInv:      It lets you see invisible.
 c - the +5 arbalest of Premature Burial {drain, +Blink Int+5}
   (You found it on level 3 of the Elven Halls)

   Int:       It affects your intelligence (+5).
   +Blink:    It lets you blink.
Missiles
 x - 2 silver javelins
 y - 5 curare-tipped darts
Armour
 f - the +5 ring mail of the Toothy Dropbear (worn) {Contam +Inv rF+ rCorr}
   (You bought it in a shop in a bazaar)

   rF:        It protects you from fire.
   +Inv:      It lets you turn invisible.
   Contam:    It causes magical contamination when unequipped.
   rCorr:     It protects you from acid and corrosion.
 g - the +0 hat of the Griffon (worn) {rF+ Will+++ Regen+ Str-4}
   (You bought it in a shop on level 2 of the Orcish Mines)

   Str:       It affects your strength (-4).
   rF:        It protects you from fire.
   Regen:     It increases your rate of health regeneration.
   Will:      It greatly increases your willpower.
 t - the +3 pair of gauntlets of War (worn) {Slay+5}
   (You bought it in a shop on level 2 of the Orcish Mines)

   Slay:      It affects your accuracy & damage with ranged weapons and melee
   (+5).
 M - a +2 cloak of stealth (worn)
Jewellery
 d - an amulet of regeneration (around neck)
 K - the ring of Doubts (right hand) {rElec rN+ MP+9 Int+4}
   (You found it on level 2 of the Elven Halls)

   [ring of positive energy]

   Int:       It affects your intelligence (+4).
   rElec:     It insulates you from electricity.
   rN:        It protects you from negative energy.
   MP:        It affects your magic capacity (+9).
 O - the amulet of Sif Muna's Supremacy {Acrobat Dex+3}
   (You found it on level 14 of the Dungeon)

   [amulet of the acrobat]

   It increases your evasion while moving and waiting.
   Dex:       It affects your dexterity (+3).
 S - the ring of Bofowk (left hand) {rC+ rCorr Int+7 Dex-3}
   (You found it on level 3 of the Elven Halls)

   [ring of resist corrosion]

   Int:       It affects your intelligence (+7).
   Dex:       It affects your dexterity (-3).
   rC:        It protects you from cold.
   rCorr:     It protects you from acid and corrosion.
Wands
 i - a wand of acid (28)
 m - a wand of mindburst (20)
 n - a wand of polymorph (21)
 q - a wand of digging (18)
 H - a wand of paralysis (39)
 I - a wand of roots (43)
 J - a wand of flame (141)
Scrolls
 h - 7 scrolls of fog
 j - 19 scrolls of identify
 l - 7 scrolls of fear
 r - 5 scrolls of magic mapping
 s - 8 scrolls of poison
 v - 2 scrolls of enchant armour
 B - 4 scrolls of immolation
 C - 2 scrolls of summoning
 D - 2 scrolls of enchant weapon
 N - a scroll of silence
 P - 11 scrolls of teleportation
 Q - 6 scrolls of blinking
Potions
 e - 8 potions of heal wounds
 o - 8 potions of resistance
 p - 8 potions of haste
 u - 8 potions of lignification
 z - 2 potions of invisibility
 E - 6 potions of might
 F - 2 potions of cancellation
 G - 14 potions of brilliance
 L - 13 potions of curing
 R - a potion of berserk rage
 T - 2 potions of mutation
Miscellaneous
 k - a box of beasts
 w - a piece from Xom's chessboard (15/15)
 A - a phantom mirror


   Skills:
 - Level 17.0 Fighting
 - Level 2.0 Staves
 - Level 14.0 Armour
 - Level 13.7 Dodging
 - Level 1.5 Stealth
 - Level 5.0 Shields
 + Level 19.6 Spellcasting
 - Level 14.0 Evocations


You knew the following spells:

 Your Spells              Type           Power      Damage    Failure   Level
a - Freeze                Ice            100%       1d10      0%          1
b - Frozen Ramparts       Ice            100%       1d16      0%          3
c - Ozocubu's Armour      Ice            100%       N/A       0%          3
d - Summon Ice Beast      Ice/Summ       100%       N/A       0%          4
e - Slow                  Hex            100%       N/A       0%          1
f - Searing Ray           Conj           100%       2d8       0%          2
g - Teleport Other        Tloc           100%       N/A       0%          3
h - Ignite Poison         Fire/Tmut/Pois 100%       N/A       0%          3
i - Olgreb's Toxic Radia  Pois           100%       N/A       0%          4
j - Fireball              Conj/Fire      56%        3d22      1%          5
k - Summon Cactus Giant   Summ           56%        N/A       1%          6
l - Spellforged Servitor  Conj/Summ      56%        N/A       1%          7
m - Malign Gateway        Summ/Tloc      56%        N/A       1%          7
n - Disjunction           Tloc           56%        N/A       6%          8
Your spell library was empty.

Dungeon Overview and Level Annotations

Branches:
Dungeon (15/15)            Temple (1/1) D:7            Lair (5/5) D:9
 Shoals (4/4) Lair:3        Snake (4/4) Lair:2        Slime (0/5) Lair:5
    Orc (2/2) D:12            Elf (3/3) Orc:2        Vaults (1/5) D:13
 Depths (0/4) D:15          Sewer (visited)           IceCv (visited)

Altars:
Ashenzari
Cheibriados
Dithmenos
Elyvilon
Fedhas
Gozag
Hepliaklqana
Makhleb
Nemelex Xobeh
Okawaru
Qazlal
Ru
Trog
Uskayaw
Xom
Yredelemnul
Zin
The Shining One
Jiyva

Shops:
D:4 (   D:12 **[   Orc:2 [[[*   Elf:2 !   Elf:3 *   Shoals:3 :=   Snake:3 =:
Vaults:1 !

Portals:
Trove: Elf:1 (give 7 potions of haste)

Annotations:
D:14 1 runed translucent door
Shoals:3 1 runed translucent door, Teryn's ghost, journeyman DsAK


Innate Abilities, Weirdness & Mutations

You are immune to sickness and miasma.
You are immune to poison.
Your flesh is very heat resistant. (rF++)
You are vulnerable to cold. (rC-)
You float through the air rather than walking.
You learn spells naturally, not from books.
Your magical power is your life essence.
You have superior vitality. (+4 MHP)


Message History

The vault warden looks even sicker.
The frost giant looks even sicker.
The fire giant looks even sicker.
The vault warden looks as sick as possible!
You kill the ironbound convoker!
Makhleb accepts your kill.
You feel better. The harpy claws you! The harpy claws you but does no damage.
The harpy claws your ice beast! The harpy barely misses your ice beast.
The harpy claws your ice beast! The harpy misses your ice beast.
The frost giant points at you and mumbles some strange words.
The bolt of cold hits your cactus giant!!
The bolt of cold hits you!!
Your ice beast hits the harpy.
Your ice beast freezes the harpy!!
Unknown command.
Unknown command.
Unknown command.
Casting: Olgreb's Toxic Radiance (safe; 0% risk of failure)
Confirm with . or Enter, or press ? or * to list all spells.
The dungeon shakes, a horrible noise fills the air, and a portal to some otherworldly place is opened!
The fire giant looks even sicker.
The harpy is struck by your cactus giant's spines.
The harpy dies!
Makhleb accepts your kill. The harpy claws your ice beast.
The harpy misses your ice beast.
The harpy is struck by your cactus giant's spines.
The harpy dies!
Makhleb accepts your kill.
The vault warden hits you with a +2 dire flail.
Your ice beast hits the vault warden but does no damage.
The vault warden attacks as you move away!
The vault warden misses you.
The fire giant looks as sick as possible!
The vault warden looks as sick as possible!
The frost giant gestures at you while chanting.
The bolt of cold hits your cactus giant!!
The bolt of cold hits you!!!
* * * LOW HITPOINT WARNING * * *
The frost giant casts a spell at you.
The bolt of cold hits your cactus giant!!
The bolt of cold hits you!!!
You die...

##############################
#.........Y.p@................
#.................w...........
#......).).C###+#.............
#.......9.C.#...#.....########
#.....)).C..#...#.....#
#......)....#...#.....#
#......)#####+###.....#
#.......# #.....# #.......#
#.....#


You could see a frost giant (fast, very poisoned, ally target), a fire giant
(extremely poisoned), a vault warden (strong, extremely poisoned, ally target),
a friendly eldritch tentacle, a friendly spellforged servitor (summoned), a
friendly cactus giant (summoned) and a friendly ice beast (summoned).

Vanquished Creatures
  Vashnia (Snake:3)
  Mlioglotl (Shoals:2)
  A lich (D:14)
  2 deep elf blademasters (Elf:3)
  A deep elf master archer (Elf:3)
  Kirke (Snake:3)
  Donald (Shoals:1)
  Ilsuiw (Shoals:4)
  5 nagarajas
  2 deep elf sorcerers (Elf:3)
  A frost giant (Shoals:4)
  Louise (D:15)
  An orc warlord (Orc:1)
  4 deep elf elementalists
  3 ironbound preservers (Vaults:1)
  A stone giant (D:15)
  7 deep elf demonologists (Elf:3)
  4 dire elephants (Vaults:1)
  4 deep elf annihilators (Elf:3)
  An ettin (D:12)
  Snorg (Lair:4)
  5 deep elf death magi (Elf:3)
  4 merfolk javelineers (Shoals:4)
  An entropy weaver (Vaults:1)
  3 deep elf high priests
  15 merfolk impalers
  Fannar (D:11)
  3 salamander tyrants
  8 hydras
  3 merfolk avatars
  7 anacondas
  2 ogre magi
  4 centaur warriors
  Erolcha (D:11)
  An alligator snapping turtle (Shoals:3)
  5 dancing weapons
  7 boulder beetles
  2 catoblepae
  3 satyrs
  4 merfolk aquamancers (Shoals:4)
  4 tengu warriors (D:15)
  11 two-headed ogres
  7 death yaks
  24 naga warriors
  4 orc high priests (Orc:2)
  9 shock serpents
  29 naga sharpshooters
  Sonja (Lair:1)
  8 deep elf knights
  5 skysharks
  3 skeletal warriors (D:14)
  5 salamander mystics
  12 sea snakes
  4 naga ritualists
  11 deep elf archers
  A wizard (D:13)
  18 harpies
  An orange crystal statue (Elf:2)
  16 deep elf pyromancers
  21 deep elf zephyrmancers
  2 ironbound convokers (Vaults:1)
  A necromancer (D:14)
  6 mana vipers
  4 fauns
  15 ugly things
  3 orc sorcerers
  21 manticores
  14 cyclopes
  6 salamanders
  4 elephants (Lair:4)
  2 guardian serpents (Snake:1)
  26 naga magi
  A vault sentinel (Vaults:1)
  4 water nymphs
  4 gargoyles
  13 merfolk sirens
  9 cane toads
  41 black mambas
  A nameless horror (D:4)
  3 unseen horrors
  A rime drake (Lair:3)
  2 freezing wraiths (D:12)
  3 efreet
  5 komodo dragons
  A tengu conjurer (D:15)
  3 meliai (D:15)
  14 trolls
  23 merfolk
  A tarantella (Vaults:1)
  5 polar bears
  7 hornets
  12 blink frogs
  5 wind drakes
  2 dream sheep (Shoals:3)
  8 snapping turtles
  A centaur simulacrum (D:14)
  4 air elementals
  A culicivora (shapeshifter) (D:15)
  6 slime creatures
  15 spriggans (Lair:5)
  A vampire (D:12)
  7 wraiths
  A wyvern (Lair:2)
  5 water elementals
  5 humans
  3 shadows
  4 basilisks
  2 yaks (shapeshifter)
  A fire elemental (Elf:1)
  31 yaks
  3 hogs (Snake:3)
  4 wargs
  3 steam dragons
  2 redbacks (Vaults:1)
  7 vampire mosquitoes
  2 acid dragons (D:12)
  43 nagas
  16 water moccasins
  An ice beast (D:7)
  15 orc warriors
  A sky beast (D:7)
  4 black bears
  8 ogres
  3 boggarts (Lair:5)
  27 wolves
  10 centaurs
  A phantom (D:6)
  Blork the orc (D:5)
  5 kobold brigands
  9 bullfrogs
  3 gnoll sergeants
  4 scorpions
  An earth elemental (Elf:1)
  3 wights (D:9)
  25 killer bees
  7 howler monkeys
  3 electric eels
  An iron imp (D:7)
  4 hounds
  2 gnoll boudas
  Crazy Yiuf (D:7)
  29 orc priests
  3 iguanas
  A sleepcap (D:4)
  43 orc wizards
  15 adders
  20 gnolls
  A river rat (Sewer)
  A shadow imp (D:7)
  A white imp (D:6)
  An ufetubus (D:4)
  A worm (D:5)
  A dart slug (D:3)
  73 orcs
  6 bats
  9 endoplasms
  5 giant cockroaches
  10 goblins
  8 hobgoblins
  3 jackals (Sewer)
  30 kobolds
  4 quokkas
  12 ball pythons
  10 frilled lizards
  8 rats
1190 creatures vanquished.

Vanquished Creatures (collateral kills)
  Nikola (Snake:3)
  A deep elf blademaster (Elf:2)
  A deep elf master archer (Elf:3)
  An eldritch tentacle (Elf:2)
  A nagaraja (Snake:3)
  2 deep elf sorcerers (Elf:3)
  Aizul (Snake:2)
  An ironbound preserver (Vaults:1)
  An ironbound thunderhulk (Vaults:1)
  The ghost of Aj7335 the Severer, a journeyman MiBe of Trog (D:14)
  An ettin (D:14)
  A yaktaur captain (Vaults:1)
  A great orb of eyes (Vaults:1)
  A catoblepas (D:14)
  2 anacondas (Snake:2)
  25 dancing weapons
  A boulder beetle (D:12)
  A two-headed ogre (D:12)
  A naga warrior (Snake:4)
  A shock serpent (Snake:3)
  A fire crab (shapeshifter) (Elf:1)
  9 deep elf knights
  10 skeletal warriors
  An iron troll (D:13)
  A naga ritualist (Snake:4)
  A deep troll (D:14)
  4 deep elf archers
  2 ironbound convokers (Vaults:1)
  8 deep elf zephyrmancers
  A wizard (D:14)
  7 deep elf pyromancers
  6 harpies
  A mana viper (Snake:2)
  4 ugly things
  A manticore (D:14)
  5 black mambas
  A merfolk siren (Shoals:4)
  2 naga magi
  A cane toad (Lair:1)
  A gargoyle (D:12)
  2 efreet (D:14)
  2 nameless horrors
  A snapping turtle (Shoals:4)
  2 water elementals
  7 slime creatures
  An air elemental (Elf:2)
  A shadow (D:12)
  4 wraiths
  A vampire (D:14)
  A yak (D:12)
  7 nagas
  A water moccasin (Lair:1)
  A phantom (D:4)
  A scorpion (D:6)
  3 earth elementals (Elf:3)
  A hornet simulacrum (D:14)
  A killer bee (D:9)
  A howler monkey (D:14)
  An iguana (D:4)
  The ghost of hamfred the Conjurer, a weakling TrHW of Gozag (D:4)
  2 gnolls (D:12)
  A hobgoblin (D:4)
  A kobold (D:4)
157 creatures vanquished.

Vanquished Creatures (others)
  31 eldritch tentacles
  A deep elf death mage (Elf:3)
32 creatures vanquished.

Grand Total: 1379 creatures vanquished

Notes
Turn   | Place    | Note
-------+----------+-------------------------------------------
     0 | D:1      | xSliceyx the Djinni Ice Elementalist began the quest for
                  | the Orb.
     0 | D:1      | xSliceyx set off with the following spells memorised:
                  | Freeze, Frozen Ramparts, Ozocubu's Armour, Summon Ice
                  | Beast.
     0 | D:1      | Reached XP level 1. HP: 15/15 MP: 0/0
   192 | D:1      | Reached XP level 2. HP: 21/21 MP: 0/0
   455 | D:1      | Reached XP level 3. HP: 25/25 MP: 0/0
   455 | D:1      | Learned a level 1 spell: Slow
   549 | D:1      | Reached skill level 4 in Spellcasting
   788 | D:2      | You are sucked into a shaft and drop 2 floors!
   805 | D:4      | Noticed a scorpion
   843 | D:3      | Reached XP level 4. HP: 31/31 MP: 0/0
   961 | D:3      | Reached skill level 1 in Shields
  1464 | D:2      | Reached XP level 5. HP: 35/35 MP: 0/0
  1464 | D:2      | Learned a level 2 spell: Searing Ray
  1853 | D:3      | Found a shimmering altar of Xom.
  2172 | D:4      | Found a runed translucent gate.
  2173 | D:4      | Found a runed translucent gate.
  2174 | D:4      | Found a runed translucent gate.
  2176 | D:4      | Noticed hamfred's ghost (weakling TrHW)
  2176 | D:4      | Noticed a phantom
  2201 | D:4      | Reached XP level 6. HP: 13/40 MP: 0/0
  2268 | D:4      | Found a white marble altar of Elyvilon.
  2290 | D:4      | Found Galiniw's Weapon Shoppe.
  2307 | D:4      | Reached skill level 5 in Spellcasting
  2430 | D:4      | Reached XP level 7. HP: 38/45 MP: 0/0
  2430 | D:4      | Learned a level 3 spell: Teleport Other
  2711 | D:4      | Found a shadowy altar of Dithmenos.
  3199 | D:4      | Found a glowing golden altar of the Shining One.
  3446 | D:5      | Entered Level 5 of the Dungeon
  3493 | D:5      | Reached skill level 5 in Shields
  3494 | D:5      | Reached XP level 8. HP: 31/50 MP: 0/0
  3508 | D:5      | Noticed Blork the orc
  3545 | D:5      | Reached skill level 6 in Spellcasting
  3585 | D:5      | Found a hide-covered altar of Uskayaw.
  3750 | D:5      | Found a glowing drain.
  3762 | Sewer    | Entered a sewer
  4474 | D:5      | Killed Blork the orc
  4475 | D:5      | Reached skill level 7 in Spellcasting
  4962 | D:6      | Reached XP level 9. HP: 55/55 MP: 0/0
  4962 | D:6      | Learned a level 3 spell: Ignite Poison
  5046 | D:6      | Reached skill level 8 in Spellcasting
  5275 | D:6      | Found a sparkling altar of Nemelex Xobeh.
  5778 | D:7      | Reached skill level 9 in Spellcasting
  5963 | D:7      | Found an iron altar of Okawaru.
  5974 | D:7      | Reached XP level 10. HP: 54/60 MP: 0/0
  6023 | D:7      | Found a staircase to the Ecumenical Temple.
  6055 | Temple   | Entered the Ecumenical Temple
  6098 | Temple   | Became a worshipper of Makhleb the Destroyer
  6129 | D:7      | Found a snail-covered altar of Cheibriados.
  6276 | D:7      | Noticed a cyclops
  6287 | D:7      | Killed a cyclops
  6288 | D:7      | Reached skill level 10 in Spellcasting
  6412 | D:7      | Found a stormy altar of Qazlal.
  6494 | D:7      | Found a runed translucent door.
  6495 | D:7      | Noticed Crazy Yiuf
  6503 | D:7      | Killed Crazy Yiuf
  7024 | D:8      | Reached * piety under Makhleb
  7279 | D:9      | Noticed a two-headed ogre
  7285 | D:9      | Killed a two-headed ogre
  7286 | D:9      | Reached skill level 11 in Spellcasting
  7341 | D:9      | Identified the orb "Farghiefekk" {mayhem, Slay+2}
  7522 | D:9      | Found a staircase to the Lair.
  7523 | D:9      | Noticed a komodo dragon
  7547 | D:9      | Killed a komodo dragon
  7696 | D:9      | Reached XP level 11. HP: 56/65 MP: 0/0
  7696 | D:9      | Learned a level 4 spell: Olgreb's Toxic Radiance
  7697 | D:9      | Reached skill level 12 in Spellcasting
  7697 | D:9      | Reached ** piety under Makhleb
  8063 | D:10     | Entered Level 10 of the Dungeon
  8150 | D:10     | Reached skill level 13 in Spellcasting
  8347 | D:10     | Found a sacrificial altar of Ru.
  8408 | D:10     | Reached *** piety under Makhleb
  8657 | D:10     | Found a blossoming altar of Fedhas.
  8826 | D:11     | Noticed a two-headed ogre
  8842 | D:11     | Killed a two-headed ogre
  8927 | D:11     | Found a frozen archway.
  8933 | IceCv    | Entered an ice cave
  8933 | IceCv    | Noticed a white ugly thing
  9068 | D:11     | Noticed a two-headed ogre
  9075 | D:11     | Killed a two-headed ogre
  9076 | D:11     | Reached XP level 12. HP: 68/70 MP: 0/0
  9191 | D:11     | Noticed Fannar
  9250 | D:11     | Noticed Erolcha
  9256 | D:11     | Killed Erolcha
  9257 | D:11     | Reached skill level 14 in Spellcasting
  9373 | D:11     | Noticed a two-headed ogre
  9393 | D:11     | Killed a two-headed ogre
  9394 | D:11     | Identified the amulet "Geegeek" {Spirit +Blink}
 10177 | D:12     | Noticed a boulder beetle
 10180 | D:12     | Killed a boulder beetle
 10231 | D:12     | Reached **** piety under Makhleb
 10341 | D:12     | Reached skill level 15 in Spellcasting
 10364 | D:12     | HP: 3/70 [something (31)]
 10423 | D:12     | Noticed a two-headed ogre
 10426 | D:12     | Killed a two-headed ogre
 10441 | D:12     | Found a flickering gateway to a bazaar.
 10462 | Bazaar   | Entered a bazaar
 10476 | Bazaar   | Found Pakihaa's Weapon Shoppe.
 10476 | Bazaar   | Found Vaisig's Armour Emporium.
 10498 | Bazaar   | Found Faada's Antique Armour Shoppe.
 10498 | Bazaar   | Found Tosoj's Magic Scroll Emporium.
 10520 | Bazaar   | Found Rietzuos's Antique Weapon Shoppe.
 10580 | Bazaar   | Bought a scroll of fear for 48 gold pieces
 10580 | Bazaar   | Bought a scroll of fear for 48 gold pieces
 10580 | Bazaar   | Bought a scroll of fear for 48 gold pieces
 10586 | Bazaar   | Bought a pitted ring mail for 162 gold pieces
 10586 | Bazaar   | Identified the +5 ring mail of the Toothy Dropbear {Contam
                  | +Inv rF+ rCorr} (You bought it in a shop in a bazaar)
 10698 | D:12     | Reached skill level 1 in Armour
 10926 | Lair:1   | Entered Level 1 of the Lair of Beasts
 11102 | Lair:1   | Reached XP level 13. HP: 72/75 MP: 0/0
 11102 | Lair:1   | Learned a level 5 spell: Fireball
 11151 | Lair:1   | Noticed Sonja
 11155 | Lair:1   | Killed Sonja
 11187 | Lair:1   | Reached skill level 5 in Armour
 11819 | Lair:2   | Found a staircase to the Snake Pit.
 11843 | Lair:2   | Noticed a six-headed hydra
 11848 | Lair:2   | Killed a six-headed hydra
 12002 | Lair:2   | Reached ***** piety under Makhleb
 12329 | Lair:2   | Noticed a six-headed hydra
 12332 | Lair:2   | Killed a six-headed hydra
 12535 | Lair:2   | Noticed a six-headed hydra
 12540 | Lair:2   | Killed a six-headed hydra
 13128 | Lair:3   | Reached skill level 10 in Armour
 13571 | Lair:3   | Identified the +0 plate armour of the Moneychanger {rPois
                  | rN+ Dex+2 Slay+2}
 13962 | Lair:3   | Found a staircase to the Shoals.
 14076 | Lair:4   | Noticed Snorg
 14085 | Lair:4   | Killed Snorg
 14086 | Lair:4   | Reached XP level 14. HP: 68/80 MP: 0/0
 14199 | Lair:4   | Identified the +0 ring mail "Yquo" {-Tele rC+ Stlth+}
 14853 | Lair:5   | Entered Level 5 of the Lair of Beasts
 14913 | Lair:5   | Found a shadowy altar of Dithmenos.
 14994 | Lair:5   | Found a staircase to the Slime Pits.
 14994 | Lair:5   | Found a viscous altar of Jiyva.
 15385 | Lair:5   | Reached skill level 1 in Fighting
 15533 | Lair:5   | Reached skill level 5 in Fighting
 16156 | D:12     | Found the +7 staff of the Meek {protect, meekguard}
 16156 | D:12     | Found Cathruro's Assorted Antiques.
 16156 | D:12     | Found Guczetz's Assorted Antiques.
 16156 | D:12     | Found Bobauwkoxith's Armour Emporium.
 16158 | D:12     | Bought a scroll of identify for 76 gold pieces
 16574 | D:12     | Reached skill level 1 in Evocations
 16670 | D:12     | Reached XP level 15. HP: 96/98 MP: 0/0
 16670 | D:12     | Learned a level 6 spell: Summon Cactus Giant
 16759 | D:12     | Reached ****** piety under Makhleb
 17007 | D:12     | Reached skill level 5 in Evocations
 17176 | D:12     | Found a staircase to the Orcish Mines.
 17193 | D:12     | Bought a potion of heal wounds for 175 gold pieces
 17592 | D:12     | Reached skill level 5 in Dodging
 18158 | Orc:1    | Entered Level 1 of the Orcish Mines
 18505 | Orc:2    | Entered Level 2 of the Orcish Mines
 18715 | Orc:2    | Reached XP level 16. HP: 54/103 MP: 0/0
 18767 | Orc:2    | Found Haih's General Store.
 18767 | Orc:2    | Found Zadd's Armour Shoppe.
 18768 | Orc:2    | Found Gitzix's Armour Shoppe.
 18772 | Orc:2    | Found Xoidajuo's Armour Emporium.
 18780 | Orc:2    | Bought the +0 hat of the Griffon {rF+ Will+++ Regen+ Str-4}
                  | for 564 gold pieces
 18806 | Orc:2    | Bought the +3 pair of gauntlets of War {Slay+5} for 570
                  | gold pieces
 18806 | Orc:2    | Found the +3 pair of gauntlets of War {Slay+5}
 18844 | Orc:2    | Bought a scroll of teleportation for 36 gold pieces
 18844 | Orc:2    | Bought a scroll of blinking for 90 gold pieces
 18844 | Orc:2    | Bought a potion of haste for 120 gold pieces
 18992 | Orc:2    | Found a staircase to the Elven Halls.
 19603 | Shoals:1 | Entered Level 1 of the Shoals
 19647 | Shoals:1 | Found a flickering gateway to a bazaar.
 19703 | Shoals:1 | Reached skill level 10 in Evocations
 19776 | Shoals:1 | Noticed Donald
 19783 | Shoals:1 | Killed Donald
 19811 | Bazaar   | Entered a bazaar
 19811 | Bazaar   | Found Ohexut's Distillery.
 19811 | Bazaar   | Found Ohieqin's Magic Scroll Emporium.
 19813 | Bazaar   | Found Vagiofy's Assorted Antiques.
 19829 | Bazaar   | Found Coecs's Assorted Antiques.
 19837 | Bazaar   | Bought a potion of brilliance for 72 gold pieces
 19837 | Bazaar   | Bought a scroll of teleportation for 54 gold pieces
 19842 | Bazaar   | Bought a scroll of blinking for 82 gold pieces
 19842 | Bazaar   | Bought a scroll of blinking for 82 gold pieces
 19848 | Bazaar   | Bought a potion of brilliance for 56 gold pieces
 19848 | Bazaar   | Bought a potion of haste for 140 gold pieces
 19848 | Bazaar   | Bought a potion of brilliance for 56 gold pieces
 19848 | Bazaar   | Bought 2 potions of resistance for 280 gold pieces
 19848 | Bazaar   | Bought a potion of heal wounds for 70 gold pieces
 19848 | Bazaar   | Bought a potion of curing for 42 gold pieces
 19868 | Bazaar   | Bought a potion of resistance for 140 gold pieces
 19882 | Bazaar   | Bought a scroll of fog for 44 gold pieces
 19917 | Shoals:1 | Identified the +12 long sword of Prudence {flame, rPois
                  | Dex+3}
 20106 | Shoals:1 | Reached skill level 10 in Dodging
 20494 | Shoals:2 | Noticed Mlioglotl
 20494 | Shoals:2 | Found a flickering gateway to a bazaar.
 20502 | Shoals:2 | Killed Mlioglotl
 20511 | Shoals:2 | Reached skill level 1 in Staves
 21132 | Shoals:3 | Noticed Teryn's ghost (journeyman DsAK)
 21132 | Shoals:3 | Found a runed translucent door.
 21132 | Shoals:3 | Found a shimmering altar of Xom.
 21206 | Shoals:3 | Identified the +7 quarterstaff of Ciargh {freeze, Int+3}
 21266 | Shoals:3 | Found Qaul's Self-Improvement Boutique.
 21282 | Shoals:3 | Reached XP level 17. HP: 103/109 MP: 0/0
 21282 | Shoals:3 | Learned a level 7 spell: Spellforged Servitor
 21330 | Shoals:3 | Found Rihoefof's Jewellery Shoppe.
 21916 | Shoals:4 | Entered Level 4 of the Shoals
 21970 | Shoals:4 | Noticed Ilsuiw
 22051 | Shoals:4 | Killed Ilsuiw
 22135 | Shoals:4 | Identified the +5 halberd "Plojy" {freeze, rPois Dex+3}
 22345 | Shoals:4 | Identified the ring of Wu Jian's Delight {rPois Str+3
                  | Int+3}
 22784 | Shoals:4 | Reached skill level 16 in Spellcasting
 22823 | Shoals:4 | Got a barnacled rune of Zot
 23232 | Snake:1  | Entered Level 1 of the Snake Pit
 23243 | Snake:1  | Upgraded the game from 0.30.0-18-gc0e69614cb to
                  | 0.30.0-19-g36f170ea60
 23416 | Snake:1  | Reached XP level 18. HP: 100/114 MP: 0/0
 25863 | Snake:2  | Reached skill level 17 in Spellcasting
 26439 | Snake:3  | Noticed Vashnia
 26511 | Snake:3  | Reached XP level 19. HP: 38/126 MP: 0/0
 26511 | Snake:3  | Learned a level 7 spell: Malign Gateway
 26678 | Snake:3  | Noticed Kirke
 26681 | Snake:3  | Noticed Aizul
 26689 | Snake:3  | Killed Kirke
 26705 | Snake:2  | Killed Aizul
 27072 | Snake:3  | Killed Vashnia
 27129 | Snake:3  | Reached skill level 10 in Fighting
 27540 | Snake:3  | Noticed Nikola
 27555 | Snake:3  | Killed Nikola
 27611 | Snake:3  | Identified the +8 chain mail of the Lobster {Dex+4}
 27818 | Snake:3  | Found Nabaept's Jewellery Shop.
 27824 | Snake:3  | Found Vyiski's Book Boutique.
 27826 | Snake:3  | Bought a ring of protection from cold for 300 gold pieces
 27982 | Snake:4  | Entered Level 4 of the Snake Pit
 29316 | Snake:4  | Got a serpentine rune of Zot
 29801 | D:11     | Killed Fannar
 30000 | D:4      | Killed hamfred's ghost
 30375 | Elf:1    | Entered Level 1 of the Elven Halls
 30486 | Elf:1    | Reached XP level 20. HP: 96/146 MP: 0/0
 30906 | Elf:1    | Found a portal to a secret trove of treasure.
 31497 | Elf:2    | Paralysed by an air elemental for 1 turns
 31910 | Elf:2    | Found a runed translucent gate.
 31910 | Elf:2    | Found a runed translucent gate.
 31911 | Elf:2    | Found a runed translucent gate.
 32001 | Elf:2    | Reached skill level 15 in Fighting
 32457 | Elf:2    | Found Joam's Distillery.
 32467 | Elf:2    | Bought a potion of curing for 51 gold pieces
 32467 | Elf:2    | Bought a potion of haste for 170 gold pieces
 32467 | Elf:2    | Bought a potion of resistance for 170 gold pieces
 32525 | Elf:2    | Paralysed by an air elemental for 1 turns
 33366 | Elf:2    | Identified the amulet "Baatefyi" {Spirit rElec rCorr Dex+2}
 33368 | Elf:2    | Identified the ring of Doubts {rElec rN+ MP+9 Int+4}
 33447 | Elf:3    | Entered Level 3 of the Elven Halls
 33626 | Elf:3    | Identified the +4 falchion of Valiq {vamp, *Corrode rC+
                  | Dex+2}
 33630 | Elf:3    | Reached skill level 18 in Spellcasting
 33630 | Elf:3    | Identified the ring "Eleat" {Fly rN+ Str+6}
 33638 | Elf:3    | Identified the +10 lajatang of Xom's Castigation {vamp,
                  | Dex+3}
 33639 | Elf:3    | Reached XP level 21. HP: 129/157 MP: 0/0
 33639 | Elf:3    | Learned a level 8 spell: Disjunction
 33949 | Elf:3    | Found the +27 heavy crossbow "Sniper" {heavy, Acc+∞ SInv}
 34097 | Elf:3    | Identified the +11 great sword of Insufficient Pleasure
                  | {vamp, rF+}
 34533 | Elf:3    | Identified the +5 arbalest of Premature Burial {drain,
                  | +Blink Int+5}
 34591 | Elf:3    | Identified the ring of Bofowk {rC+ rCorr Int+7 Dex-3}
 34601 | Elf:3    | Identified the +3 longbow "Mathabb" {speed, rElec rF+ MP+9}
 34734 | Elf:3    | Found Geoner's General Store.
 34742 | Elf:3    | Bought a potion of brilliance for 68 gold pieces
 34742 | Elf:3    | Bought a wand of acid (4) for 285 gold pieces
 34742 | Elf:3    | Bought a scroll of fog for 68 gold pieces
 35817 | D:13     | Found a gate to the Vaults.
 36531 | D:14     | Found a runed translucent door.
 36635 | D:14     | Noticed Aj7335's ghost (journeyman MiBe)
 37088 | D:14     | Found a runed translucent door.
 37120 | D:14     | Killed Aj7335's ghost
 37163 | D:14     | Identified the amulet of Sif Muna's Supremacy {Acrobat
                  | Dex+3}
 37315 | D:15     | Entered Level 15 of the Dungeon
 37409 | D:15     | Reached skill level 19 in Spellcasting
 37617 | D:15     | Found a staircase to the Depths.
 37913 | D:15     | Noticed Louise
 37917 | D:15     | Killed Louise
 38239 | Vaults:1 | Entered Level 1 of the Vaults
 38262 | Vaults:1 | Reached XP level 22. HP: 94/166 MP: 0/0
 38310 | Vaults:1 | Found Vasimnol's Distillery.
 38324 | Vaults:1 | Bought a potion of heal wounds for 65 gold pieces
 38324 | Vaults:1 | Bought a potion of curing for 39 gold pieces
 38324 | Vaults:1 | Bought a potion of curing for 39 gold pieces
 38324 | Vaults:1 | Bought a potion of heal wounds for 65 gold pieces
 38324 | Vaults:1 | Bought a potion of curing for 39 gold pieces
 38324 | Vaults:1 | Bought a potion of heal wounds for 65 gold pieces
 38324 | Vaults:1 | Bought a potion of resistance for 130 gold pieces
 38926 | Vaults:1 | Killed from afar by a frost giant

Illustrated notes

Levels and vault maps discovered:
D:1:      psy_arrival_radial02, layout_loops_ring
D:2:      layout_loops_ring, grunt_ministairs_15, nicolae_eternal_life
D:3:      layout_rooms, mainiacjoe_overflow_boulevard, hex_tiny
D:4:      layout_basic, nicolae_elyvilon_temple_path,
          mainiacjoe_overflow_small_starburst,
          mainiacjoe_overflow_surrounded_room, gammafunk_ghost_split,
          serial_shops, shop, kennysheep_diamond
D:5:      layout_basic, eat_drink_and_be_merry_uskayaw,
          cheibrodos_sewer_entry_bend, uniq_blork_the_orc
D:6:      layout_basic, nemelex_xobeh_ov_fountains_minmay
D:7:      layout_loops_ring, kennysheep_mini_moat, slow_altar_1, okawaru_humans,
          lemuel_round_altar, temple_doors_ab, uniq_crazy_yiuf_cottage
D:8:      layout_loops_cross, dreamdust_wishing_well
D:9:      layout_small_grid, david_lair_shrubbed
D:10:     kennysheep_six_static_rooms, layout_irregular_city,
          mainiacjoe_overflow_cross_hatched, fedhas_altar_2,
          kennysheep_cross_room
D:11:     layout_grid_maze, portal_ice_cave_entry_pillars_1, uniq_erolcha,
          uniq_fannar
D:12:     minmay_the_grid_square_5x5_5x5 [minmay_the_grid_square_5x5_n,
          minmay_the_grid_square_5x5_hollow_slash,
          minmay_the_grid_square_5x5_corner, minmay_the_grid_square_5x5_two,
          minmay_the_grid_square_5x5_broken_cross,
          minmay_the_grid_square_5x5_slash,
          minmay_the_grid_square_5x5_prize_junk,
          minmay_the_grid_square_5x5_half_checkered,
          minmay_the_grid_square_5x5_prize_rear_guard,
          minmay_the_grid_square_5x5_tie, minmay_the_grid_square_5x5_minibox,
          minmay_the_grid_square_5x5_tetrominoes,
          minmay_the_grid_square_5x5_prize_itemx, minmay_the_grid_square_5x5_z,
          minmay_the_grid_square_5x5_empty,
          minmay_the_grid_square_5x5_spiral_small,
          minmay_the_grid_square_5x5_prize_monsterx,
          minmay_the_grid_square_5x5_seven,
          minmay_the_grid_square_5x5_prize_waves,
          minmay_the_grid_square_5x5_shuriken,
          minmay_the_grid_square_5x5_detours,
          minmay_the_grid_square_5x5_dogpile, minmay_the_grid_square_5x5_empty,
          minmay_the_grid_square_5x5_bridge,
          minmay_the_grid_square_5x5_three_small], layout_cross, orc_0_dummy,
          serial_shops, bzr_entry_gold, nicolae_shop_distant_corner_stores,
          grunt_ministairs_13, minmay_fractal_squares_diagonal_5
D:13:     layout_long_grid, david_vaults_4
D:14:     layout_long_grid, nicolae_water_bricks, muffindrake_ghost_dual_entry
D:15:     grunt_enter_depths_snipers, layout_long_grid, uniq_louise
Temple:   eino_temple_lava
Lair:1:   layout_long_grid, chequers_serial_rivers_small_b,
          serial_bayou_shore_b, uniq_sonja
Lair:2:   nzn_winding_woodlands_medium [nzn_winding_woodlands_5x5_cross,
          nzn_winding_woodlands_5x15_jagged, nzn_winding_woodlands_5x5_default,
          nzn_winding_woodlands_5x5_three,
          nzn_winding_woodlands_center_pierced_h,
          nzn_winding_woodlands_5x5_checkerboard,
          nzn_winding_woodlands_5x5_perimeter, nzn_winding_woodlands_5x15_cabin,
          nzn_winding_woodlands_5x5_open_star], layout_loops_ring,
          dummy_snake_entry, serial_bayou_shore_a, infiniplex_staircase_pool
Lair:3:   layout_cave_pods, minmay_shoals_entry_lonely_mermaid,
          infiniplex_staircase_pool_2
Lair:4:   layout_regular_city, grunt_megastairs_2, uniq_snorg
Lair:5:   minmay_lair_end_enchanted_forest, layout_long_grid, slime_entry_1,
          basic_altar, st_stairs_11, serial_bayou_shore_b
Shoals:1: layout_shoals, serial_shops, bzr_entry_dummy, nicolae_shoals_so_close,
          uniq_donald
Shoals:2: layout_shoals, serial_shops, bzr_in_the_mist, uniq_mlioglotl
Shoals:3: layout_shoals, ebering_ghost_xom, serial_shops,
          nicolae_shop_tiny_statue_garden, nicolae_shop_self_help
Shoals:4: shoals_end_grunt_ice, layout_shoals, shoal_ilsuiw
Snake:1:  kennysheep_snake, layout_chambers, lemuel_fruit_tree
Snake:2:  layout_concentric_octagons, nicolae_snake_omega,
          nicolae_triple_integral, grunt_megastairs_4
Snake:3:  layout_cave_shapes, st_stairs_13, minmay_shoptagon, uniq_vashnia,
          uniq_nikola, uniq_aizul, uniq_kirke
Snake:4:  snake_pit, layout_cave_town
Orc:1:    layout_caves, david_defended_altar_orc
Orc:2:    st_orc_mages, layout_caves, mines4_lemuel
Elf:1:    eino_elf_arrival_the_gate, layout_loops_cross,
          nicolae_trove_entry_crystal, kennysheep_underground_church,
          nicolae_elf_crossing_hall
Elf:2:    nicolae_elf_blades_crystal_corner, layout_loops_ring, serial_shops,
          nicolae_shop_industrial_runoff, minivault_15
Elf:3:    grunt_elf_hall_branching, layout_gridlike, serial_shops, shop
Vaults:1: nicolae_vaults_steering_wheel, ontoclasm_vaults_gateway,
          hangedman_vaults_maws, hangedman_vaults_hard_town_square,
          nicolae_vaults_apartment_2, ontoclasm_vaults_bender,
          vaults_dpeg_hooks, vaults_room_pool, nicolae_vaults_trapezoid_3,
          nicolae_vaults_storage_closets_3, layout_vaults_quadrants,
          serial_shops, shop

Skill      XL: |  1  2  3  4  5  6  7  8  9 10 11 12 13 14 15 16 17 18 19 20 21 |
---------------+----------------------------------------------------------------+-----
Spellcasting   | 4 5 7 9 11 13 15 16 17 18 19 | 19.6
Shields        | 1 2 3 5 |  5.0
Armour         | 3 11 14 | 14.0
Fighting       | 6 8 13 15 17 | 17.0
Evocations     | 1 9 11 12 14 | 14.0
Dodging        | 7 10 13 | 13.7
Staves         | 2 |  2.0
Stealth        | |  1.5

Action                     |  1- 3 |  4- 6 |  7- 9 | 10-12 | 13-15 | 16-18 | 19-21 | 22-24 || total
---------------------------+-------+-------+-------+-------+-------+-------+-------+-------++-------
  Melee: Short sword       |    14 |    19 |    22 |       |       |       |       |       ||    55
         Flail             |       |       |       |     3 |       |       |       |       ||     3
         Quarterstaff      |       |       |       |       |     5 |    40 |    67 |       ||   112
   Fire: Heavy crossbow    |       |       |       |       |       |       |    15 |       ||    15
  Throw: Dart              |       |       |     1 |     8 |       |       |       |       ||     9
   Cast: Freeze            |    42 |    59 |    77 |    46 |    35 |    65 |   104 |       ||   428
         Frozen Ramparts   |     1 |     4 |    14 |    30 |    26 |    35 |    36 |       ||   146
         Ozocubu's Armour  |     1 |     2 |    10 |    16 |    14 |    29 |    38 |       ||   110
         Slow              |     1 |       |    10 |    13 |    12 |       |       |       ||    36
         Searing Ray       |       |     5 |    48 |    59 |    14 |    15 |    17 |       ||   158
         Teleport Other    |       |       |     2 |     2 |     1 |       |       |       ||     5
         Summon Ice Beast  |       |       |     2 |    10 |     8 |     3 |    18 |     1 ||    42
         Ignite Poison     |       |       |       |    59 |   206 |   190 |    54 |     5 ||   514
         Olgreb's Toxic Ra |       |       |       |    53 |   153 |   123 |    40 |     7 ||   376
         Fireball          |       |       |       |       |   111 |   257 |   302 |    25 ||   695
         Summon Cactus Gia |       |       |       |       |    15 |     4 |    41 |     1 ||    61
         Spellforged Servi |       |       |       |       |       |     6 |    17 |     1 ||    24
         Malign Gateway    |       |       |       |       |       |       |    30 |     3 ||    33
Ability: Evoke Blink       |       |       |       |       |       |       |     2 |       ||     2
  Evoke: Wand              |       |       |       |       |       |     1 |       |       ||     1
    Use: Scroll            |       |       |     8 |    13 |    14 |     4 |     4 |       ||    43
         Potion            |       |       |       |     4 |       |     4 |     3 |       ||    11
   Stab: Sleeping          |     4 |     3 |       |       |       |       |       |       ||     7
         Distracted        |       |       |     1 |       |       |       |       |       ||     1
 Armour: Robe              |     9 |    16 |    18 |    18 |    11 |       |       |       ||    72
         Ring mail         |       |       |       |       |    32 |   234 |   282 |     9 ||   557
  Dodge: Dodged            |    31 |    41 |    51 |    53 |    56 |   227 |   229 |     7 ||   695
  Block: Buckler           |       |       |    14 |    35 |     9 |       |       |       ||    58
